 Dungeon Crawl Stone Soup version 0.30-a0-358-g0d69a1922f (webtiles) character file.

Game seed: 16290142256683951018

12 blackman the Sneak (level 2, 0/24 HPs)
             Began as a Human Delver on Nov 8, 2022.
             Slain by a gnoll
             ... wielding a +0 flail
              (9 damage)
             ... on level 4 of the Dungeon.
             The game lasted 00:00:35 (66 turns).

blackman the Sneak (Human Delver)                     Turns: 66, Time: 00:00:35

Health: 0/24       AC:  3    Str: 17    XL:     2   Next: 45%
Magic:  2/2        EV: 12    Int: 10    God:
Gold:   18         SH:  0    Dex: 14    Spells: 1/1 levels left

rFire   + . .      SeeInvis .    h - +7 spear of Inquiry {vamp, rF+ Str+5}
rCold   . . .      Faith    .    (no shield)
rNeg    . . .      Spirit   .    b - +0 leather armour
rPois   .          Reflect  .    (no helmet)
rElec   .          Harm     .    (no cloak)
rCorr   .          Rampage  .    (no gloves)
Will    .....                    (no boots)
Stlth   +++.......               (no amulet)
HPRegen 0.24/turn                (no ring)
MPRegen 0.08/turn                (no ring)

@: no status effects
A: no striking features
a: no special abilities


You were on level 4 of the Dungeon.
You visited 1 branch of the dungeon, and saw 2 of its levels.

You collected 18 gold pieces.

Inventory:

Hand Weapons
 a - a +0 falchion
 h - the +7 spear of Inquiry (weapon) {vamp, rF+ Str+5}
   (You found it on level 4 of the Dungeon)

   It occasionally heals its wielder for a portion of the damage dealt when it
   wounds a living foe.
   Str:       It affects your strength (+5).
   rF:        It protects you from fire.
Armour
 b - a +0 leather armour (worn)
Wands
 g - a wand of digging (3)
Scrolls
 c - a scroll of fog
 d - a scroll of magic mapping
 e - a scroll of fear
Potions
 f - a potion of haste


   Skills:
 - Level 3.0 Fighting
 - Level 2.8 Long Blades
 * Level 0.5 Polearms
 - Level 2.0 Dodging
 - Level 5.0 Stealth


You had one spell level left.
You didn't know any spells.
Your spell library was empty.

Dungeon Overview and Level Annotations

Branches:
Dungeon (5/15)
 Temple: D:4-7

Altars:


Message History

You hit the adder but do no damage.
The adder is heavily wounded.
The adder bites you but does no damage.
You closely miss the adder.
The adder is heavily wounded.
The adder closely misses you. The adder bites you.
You puncture the adder!
You feel better.
You kill the adder!
You have reached level 2!
You barely miss the endoplasm. The endoplasm barely misses you.
You puncture the endoplasm!
You kill the endoplasm!
You barely miss the orc. The orc barely misses you.
You closely miss the orc. Your punch misses the orc. The orc barely misses you.
You hit the orc.
The orc is moderately wounded.
The orc hits you with a +0 club.
You hit the orc.
You kill the orc!
You hit the gnoll but do no damage. The gnoll misses you.
You puncture the gnoll!
You feel better.
The gnoll is heavily wounded.
The gnoll hits you with a +0 flail! The gnoll hits you with a +0 flail.
You are too injured to fight recklessly!
You are too injured to fight recklessly!
You are too injured to fight recklessly!
You are too injured to fight recklessly!
You are too injured to fight recklessly!
You are too injured to fight recklessly!
You are too injured to fight recklessly!
You closely miss the gnoll.
The gnoll is heavily wounded.
The gnoll closely misses you.
You closely miss the gnoll.
The gnoll is heavily wounded.
The gnoll hits you with a +0 flail.
You hit the gnoll.
The gnoll is almost dead.
The gnoll hits you with a +0 flail!
You die...

##..........##.#
#.....#.....#..#
##..........##.##
#...........#..#
##........##..#
###......##..#
###..w###..#
###g# #..# #@#
#.o# ........#
#..# .......##
##>. .#.....
......# ......
.....# .....


You could see a gnoll and a dart slug.

Vanquished Creatures
  An adder (D:4)
  An orc (D:4)
  An endoplasm (D:4)
3 creatures vanquished.

Notes
Turn   | Place    | Note
-------+----------+-------------------------------------------
     0 | D:5      | blackman the Human Delver began the quest for the Orb.
     0 | D:5      | Reached XP level 1. HP: 18/18 MP: 1/1
     2 | D:5      | Noticed a phantom
    15 | D:5      | Noticed a killer bee
    42 | D:4      | Identified the +7 spear of Inquiry {vamp, rF+ Str+5}
    56 | D:4      | Reached XP level 2. HP: 23/24 MP: 2/2
    66 | D:4      | Slain by a gnoll

Illustrated notes

Levels and vault maps discovered:
D:4:      minmay_skewed_foursquare, layout_basic, nicolae_tso_besieged_by_evil,
          grunt_gozag_breadcrumbs, gammafunk_temple_overflow_forgotten,
          lemuel_crystal_altar, minmay_temple_entry_glass, st_stairs_11
D:5:      layout_layer_cave, st_stairs_4

Action                   || total
-------------------------++-------
Melee: Spear             ||    18
Armor: Leather armour    ||     4
Dodge: Dodged            ||    13

Table legend: (Time is in decaauts)
 A = Elapsed time spent in this place.
 B = Non-inter-level travel time spent in this place.
 C = Inter-level travel time spent in this place.
 D = Time resting spent in this place.
 E = Time spent auto-exploring this place.
 F = Levels seen in this place.
 G = Mean time per level.
                   A        B        C        D        E       F      G
               +--------+--------+--------+--------+--------+-----+--------+
         Total |     66 |     66 |      0 |      0 |     11 |   2 |   33.0 |
       Dungeon |     66 |     66 |      0 |      0 |     11 |   2 |   33.0 |
               +--------+--------+--------+--------+--------+-----+--------+

Top non-repeatable levels by time:
     D:4: 49 daAuts
     D:5: 17 daAuts
